 Dungeon Crawl Stone Soup version 0.28-a0-1387-g3a22ab9bdc (webtiles) character file.

Game seed: 11264287601323759000

28 HallandMoats the Skirmisher (level 2, 0/24 HPs)
             Began as a Demonspawn Fighter on Jan 3, 2022.
             Was a Follower of Nemelex Xobeh.
             Slain by a frilled lizard (3 damage)
             ... on level 1 of the Dungeon.
             The game lasted 00:01:22 (1407 turns).

HallandMoats the Skirmisher (Demonspawn Fighter)    Turns: 1407, Time: 00:01:23

Health: 0/24       AC:  6    Str: 16    XL:     2   Next: 96%
Magic:  3/3        EV:  9    Int:  9    God:    Nemelex Xobeh [*.....]
Gold:   0          SH:  4    Dex: 12    Spells: 1/1 levels left

rFire   . . .      SeeInvis .   a - +0 war axe
rCold   . . .      Faith    .   c - +0 buckler
rNeg    . . .      Spirit   .   b - +0 scale mail
rPois   .          Reflect  .   (no helmet)
rElec   .          Harm     .   (no cloak)
rCorr   .          Rampage  .   (no gloves)
Will    .....                   (no boots)
Stlth   ..........              (no amulet)
HPRegen 0.08/turn               (no ring)
MPRegen 0.08/turn               (no ring)

@: no status effects
A: demonic guardian 1
a: Renounce Religion, Draw Escape, Draw Destruction, Draw Summoning


You were on level 1 of the Dungeon.
You worshipped Nemelex Xobeh.
Nemelex Xobeh was aware of your devotion.
You visited 1 branch of the dungeon, and saw 1 of its levels.

Inventory:

Hand Weapons
 a - a +0 war axe (weapon)
Armour
 b - a +0 scale mail (worn)
 c - a +0 buckler (worn)
Scrolls
 e - a scroll of brand weapon {unknown}
 g - a scroll of identify {unknown}
Potions
 d - 2 potions of might
 f - a potion of curing {unknown}


   Skills:
 + Level 3.2 Fighting
 + Level 2.0 Axes
 + Level 2.8 Armour
 + Level 0.7 Dodging
 + Level 2.7 Shields
 * Level 1.8 Invocations


You had one spell level left.
You didn't know any spells.
Your spell library was empty.

Dungeon Overview and Level Annotations

Branches:
Dungeon (1/15)

Altars:
Nemelex Xobeh


Innate Abilities, Weirdness & Mutations

A weak demonic guardian rushes to your aid.


Message History

Your shadow imp misses the frilled lizard.
The frilled lizard bites you but does no damage.
The frilled lizard completely misses you.
The frilled lizard bites you.
* * * LOW HITPOINT WARNING * * *
The frilled lizard barely misses you.
Your shadow imp barely misses the frilled lizard.
The frilled lizard barely misses you. The frilled lizard bites you.
* * * LOW HITPOINT WARNING * * *
The frilled lizard barely misses you.
The frilled lizard bites you but does no damage.
Your shadow imp hits the frilled lizard.
The frilled lizard dies!
The frilled lizard bites you but does no damage. x2
Your shadow imp misses the frilled lizard.
The frilled lizard bites you but does no damage.
The frilled lizard bites you but does no damage. x2
The frilled lizard barely misses you.
Your shadow imp closely misses the frilled lizard.
The frilled lizard closely misses you. The frilled lizard barely misses you.
You block the frilled lizard's attack.
Your shadow imp hits the frilled lizard.
The frilled lizard dies!
The frilled lizard bites you but does no damage. x3
You block the frilled lizard's attack.
The frilled lizard bites you but does no damage.
The frilled lizard closely misses you.
Your shadow imp gestures at the frilled lizard.
The frilled lizard writhes in agony!
The frilled lizard dies!
You block the frilled lizard's attack. The frilled lizard misses you.
Your shadow imp hits the frilled lizard.
The frilled lizard dies!
You block the frilled lizard's attack.
The frilled lizard bites you but does no damage.
Your shadow imp misses the frilled lizard.
The frilled lizard bites you.
You die...
Your body disappears without a glow.

........=.#####.###'#.#.#
........#.# #.# #.#.#.#
........ ..# #.# #.#.#.#
..[..... ...#######.#.#.#
#####... .###....##.#.#.#
#... .#......##.#.#.#
#.....##......#.#.#.#
#......#...l5†#.#.#.#
......## ##@†#.#.#.#
..r.....##5#...#.#.#
.........#.###[#.#.###
.......#.#.# #.#.#8.8#
.......#.#.###.#.....###
#####...........†....8.8.8.8#
....# ######..#.###.#..._...#
....# #....# #..8.....8#
†...########.#..# #####...###


You could see a frilled lizard (ally target), a friendly white imp (summoned)
and a friendly shadow imp (summoned).

Vanquished Creatures
  A dart slug (D:1)
  3 ball pythons (D:1)
  2 endoplasms (D:1)
  A giant cockroach (D:1)
  A goblin (D:1)
  A hobgoblin (D:1)
  A quokka (D:1)
  6 frilled lizards (D:1)
  2 kobolds (D:1)
  2 rats (D:1)
20 creatures vanquished.

Vanquished Creatures (collateral kills)
  A goblin (D:1)
  A hobgoblin (D:1)
  A ball python (D:1)
  5 frilled lizards (D:1)
8 creatures vanquished.

Vanquished Creatures (others)
  7 plants (D:1)
7 creatures vanquished.

Grand Total: 35 creatures vanquished

Notes
Turn   | Place    | Note
-------+----------+-------------------------------------------
     0 | D:1      | HallandMoats the Demonspawn Fighter began the quest for the
                  | Orb.
     0 | D:1      | Reached XP level 1. HP: 18/18 MP: 1/1
   228 | D:1      | Found a faded altar of an unknown god.
   231 | D:1      | Reached skill level 1 in Invocations
   234 | D:1      | Gained mutation: A weak demonic guardian rushes to your
                  | aid. [demonic ancestry]
   234 | D:1      | Reached XP level 2. HP: 20/24 MP: 2/2
   242 | D:1      | Prayed at the altar of an unknown god.
   242 | D:1      | Became a worshipper of Nemelex Xobeh the Trickster
   242 | D:1      | Reached * piety under Nemelex Xobeh
   242 | D:1      | Received a gift from Nemelex Xobeh
  1407 | D:1      | Slain by a frilled lizard

Illustrated notes

Levels and vault maps discovered:
D:1:      matt_arrival_refuge, layout_basic, ebering_ecumenical_altar_ruins,
          minmay_lizard_king

Skill      XL: |  1  2 |
---------------+-------+-----
Invocations    | 1 |  1.8
Axes           | 2 |  2.0
Fighting       | |  3.2
Armour         | |  2.8
Dodging        | |  0.7
Shields        | |  2.7

Action                   || total
-------------------------++-------
Melee: War axe           ||    41
Armor: Scale mail        ||    70
Dodge: Dodged            ||    76
Block: Buckler           ||    33

Table legend: (Time is in decaauts)
 A = Elapsed time spent in this place.
 B = Non-inter-level travel time spent in this place.
 C = Inter-level travel time spent in this place.
 D = Time resting spent in this place.
 E = Time spent auto-exploring this place.
 F = Levels seen in this place.
 G = Mean time per level.
                   A        B        C        D        E       F      G
               +--------+--------+--------+--------+--------+-----+--------+
         Total |   1425 |   1425 |      0 |     92 |    973 |   1 | 1425.0 |
       Dungeon |   1425 |   1425 |      0 |     92 |    973 |   1 | 1425.0 |
               +--------+--------+--------+--------+--------+-----+--------+

Top non-repeatable levels by time:
     D:1: 1425 daAuts
